Map: Ascension to Aiur LE

Players

Todd - Winner!

  • Race: Terran Terran
  • League: Silver
  • Spawn Location: 5:00

ybZ

  • Race: Zerg Zerg
  • League: Silver
  • Spawn Location: 11:00

VOD

Have the link to the VOD?

Description

Time

  • Played on: Aug. 17, 2017, 9:05 p.m.
  • Length: 8:33
Show
View Real Time Build Order
Export as new Build Order

Todd Terran - Winner!

Build Orders: Liberator Opening 

Get SALT Encoding   

  12  0:02  SCV  
  14  0:14  SCV  
  14  0:20  Supply Depot  
  14  0:26  SCV  
  15  0:41  SCV  
  16  0:45  Barracks  
  16  0:53  SCV, Refinery  
  17  1:04  Engineering Bay  
  17  1:05  SCV  
  18  1:13  Refinery  
  18  1:23  Supply Depot  
  18  1:26  SCV  
  19  1:38  SCV  
  20  1:45  Reaper  
  21  1:56  Orbital Command  
  21  2:05  Factory  
  21  2:26  SCV  
  21  2:29  Barracks Tech Lab  
  22  2:38  SCV  
  22  2:40  Missile Turret  
  23  2:46  Bunker  
  23  3:19  Factory Tech Lab  
  22  3:23  Marine  
  23  3:28  Supply Depot  
  23  3:32  Starport  
  23  3:39  Siege Tank  
  23  3:40  SCV, Marine  
  28  3:46  Stimpack  
  28  3:52  SCV  
  29  3:59  Liberator  
  29  4:02  Command Center  
  29  4:05  Supply Depot  
  32  4:26  Widow Mine  
  34  4:40  Armory  
  34  4:43  Terran Infantry Weapons Level 1  
  34  4:49  Supply Depot  
  34  5:29  Supply Depot  
  34  5:33  Missile Turret  
  34  5:37  Liberator  
  34  5:45  Planetary Fortress  
  37  6:04  Refinery  
  37  6:12  Refinery, Thor  
  37  6:16  Terran Vehicle And Ship Armor Level 1  
  43  6:22  SCV  
  44  6:34  SCV  
  44  6:38  Fusion Core  
  45  6:43  Starport Tech Lab  
  45  6:46  SCV  
  46  6:58  SCV  
  47  7:10  SCV  
  48  7:19  SCV  
  49  7:22  SCV  
  50  7:35  SCV  
Show
View Real Time Build Order
Export as new Build Order

ybZ Zerg 

Build Orders: Pool First 

Get SALT Encoding   

  12  0:01  Drone  
  13  0:12  Overlord  
  13  0:32  Spawning Pool  
  13  0:34  Drone  
  13  0:39  Drone  
  14  0:43  Drone  
  14  0:49  Drone  
  16  0:58  Drone  
  17  1:09  Drone  
  18  1:19  Hatchery  
  17  1:29  Queen  
  17  1:31  Drone  
  20  1:38  Overlord  
  20  1:43  Drone  
  21  2:03  Extractor  
  21  2:05  Drone x2  
  22  2:24  Drone  
  23  2:34  Drone x3  
  26  2:40  Queen  
  28  2:49  Zergling x2  
  28  2:50  Zergling x6  
  30  3:24  Lair  
  30  3:30  Drone x3, Extractor  
  30  3:31  Drone x4  
  36  3:38  Overlord  
  36  4:18  Burrow  
  36  4:34  Infestation Pit  
  35  4:39  Drone, Extractor  
  35  4:40  Drone x7, Extractor  
  35  4:41  Drone x3  
  35  4:44  Overlord x2  
  44  4:48  Metabolic Boost  
  44  5:00  Overseer  
  43  5:18  Drone x6  
  43  5:19  Drone  
  43  5:20  Overlord x3  
  50  5:31  Queen  
  52  5:39  Hatchery  
  52  5:40  Hive  
  51  5:43  Hydralisk Den  
  50  5:52  Baneling Nest  
  50  5:54  Zergling x6  
  50  5:55  Zergling x6  
  55  6:02  Evolution Chamber  
  55  6:03  Drone  
  55  6:04  Drone x2  
  57  6:05  Evolution Chamber  
  56  6:20  Queen  
  58  6:33  Muscular Augments  
  58  6:34  Pathogen Glands  
  58  6:36  Zergling x10  
  58  6:38  Hydralisk x4  
  71  6:41  Zergling x2  
  71  6:43  Zergling x2  
  73  6:50  Queen  
  75  7:28  Spire  
  57  7:54  Hydralisk x2  
  57  7:55  Hydralisk x7  
  57  7:56  Hydralisk x2  
Tags
 
Add a new tag
Caveats
  • Supply blocks, unpowered buildings, or Contaminate may cause inaccurate times.
  • Supply counts are checked every 10 seconds.